 Dungeon Crawl Stone Soup version 0.27-a0-1232-gc6a4cbde82 (webtiles) character file.

Game seed: 13202389597305552827

197 christhawk the Slasher (level 5, -5/43 HPs)
             Began as a Palentonga Fighter on June 8, 2021.
             Slain by a goblin
             ... wielding a +0 club
             ... led by Robin
              (6 damage)
             ... on level 3 of the Dungeon.
             The game lasted 00:07:22 (3240 turns).

christhawk the Slasher (Palentonga Fighter)         Turns: 3240, Time: 00:07:23

Health: -5/43      AC:  6    Str: 17 (20) XL:     5   Next: 46%
Magic:  5/5        EV:  5    Int:  5 (8)  God:
Gold:   103        SH:  8    Dex: 10      Spells: 4/4 levels left

rFire    x . .     SeeInvis +   a - +0 long sword
rCold    + . .     Faith    .   c - +0 kite shield
rNeg     . . .     Spirit   .   b - +0 scale mail
rPois    .         Reflect  .   (no helmet)
rElec    .         Harm     .   (no cloak)
rCorr    .         Rampage  .   (no gloves)
Will     .....                  (no barding)
Stlth    ..........             (no amulet)
HPRegen  0.14/turn              e - ring of ice
MPRegen  0.09/turn              (no ring)

@: mighty
A: large, rugged brown scales 3, see invisible, deformed body, roll 1, armoured
tail
a: Rolling Charge


You were on level 3 of the Dungeon.
You visited 1 branch of the dungeon, and saw 3 of its levels.

You collected 103 gold pieces.

Inventory:

Hand Weapons
 a - a +0 long sword (weapon)
Armour
 b - a +0 scale mail (worn)
 c - a +0 kite shield (worn)
Jewellery
 e - a ring of ice (left hand)
Scrolls
 g - a scroll of identify


   Skills:
 + Level 3.5 Fighting
 + Level 3.9 Long Blades
 + Level 3.4 Armour
 + Level 0.3 Dodging
 + Level 3.0 Shields


You had 4 spell levels left.
You didn't know any spells.
Your spell library contained the following spells:

 Spells                   Type           Power      Damage    Failure   Level
 Animate Skeleton         Necr           0%         N/A       99%         1
 Apportation              Tloc           0%         N/A       99%         1
 Corona                   Hex            0%         N/A       99%         1
 Summon Small Mammal      Summ           0%         N/A       99%         1


Dungeon Overview and Level Annotations

Branches:
Dungeon (3/15)

Altars:

Annotations:
D:3 Robin


Innate Abilities, Weirdness & Mutations

You are completely covered in rugged brown scales. (AC +3, +7% HP)
You have supernaturally acute eyesight. (SInv)
Armour fits poorly on your strangely shaped body.
You can roll at nearby foes to attack.
You have a long armoured tail.


Message History

The goblin goes into a battle-frenzy!
Your scale mail prevents you from hitting the adder.
You block the adder's attack. The rat bites you but does no damage.
Robin throws the goblin at you! The adder barely misses you.
The rat bites you but does no damage.
You slash the adder!
The adder is almost dead.
The adder bites you. The goblin hits you but does no damage.
The rat bites you but does no damage. The adder bites you.
You block the goblin's attack.
You miss the adder.
The adder is almost dead.
The adder bites you but does no damage. The rat barely misses you.
You riposte.
You closely miss the rat. The goblin hits you with a +0 club.
The adder bites you.
* * * LOW HITPOINT WARNING * * *
You slash the adder!
You kill the adder!
The rat bites you but does no damage. The goblin hits you but does no damage.
The rat bites you but does no damage.
You slash the rat!
You kill the rat!
The goblin barely misses you.
The goblin unwields a +0 club.
The goblin wields a +0 hunting sling.
The goblin shoots a stone.
You block the stone. The goblin hits you with a +0 dagger.
* * * LOW HITPOINT WARNING * * *
Robin roars a battlecry!
The goblins go into a battle-frenzy!
You block the goblin's attack. The goblin hits you with a +0 dagger.
* * * LOW HITPOINT WARNING * * *
The goblin hits you with a +0 dagger.
* * * LOW HITPOINT WARNING * * *
You hit the goblin.
The goblin is moderately wounded.
The goblin barely misses you. The goblin hits you but does no damage.
You block the goblin's attack.
Your shield and scale mail prevent you from hitting the goblin.
The goblin is moderately wounded.
The goblin hits you with a +0 club.
You die...

#..........#..........
#..........#..........
###..........#..........
..#..........#......$...
..'.......g..w..........
#.#.......g..#ggg.g.....
#.########'###gggK......
#.# #..ggggg####### ...
#'#####@# ...


g.g #g# .... ggg #.# ###. ...g. #.# ..... #.# #.# #.# ### You could see a worm,
Robin, 2 hobgoblins, 10 goblins and a kobold.

Vanquished Creatures
  A hound (D:2)
  Natasha (thrice) (D:2)
  3 adders
  A worm (D:2)
  2 dart slugs
  4 ball pythons
  4 bats
  4 endoplasms
  4 giant cockroaches
  3 goblins
  5 hobgoblins
  9 jackals
  3 quokkas
  4 frilled lizards
  3 kobolds
  6 rats
59 creatures vanquished.

Notes
Turn   | Place    | Note
-------+----------+-------------------------------------------
     0 | D:1      | christhawk the Palentonga Fighter began the quest for the
                  | Orb.
     0 | D:1      | Reached XP level 1. HP: 19/19 MP: 1/1
   139 | D:1      | Reached XP level 2. HP: 20/25 MP: 2/2
  1038 | D:1      | Found a faded altar of an unknown god.
  1146 | D:2      | Reached XP level 3. HP: 29/31 MP: 3/3
  1627 | D:2      | Noticed Natasha
  1639 | D:2      | Killed Natasha
  1640 | D:2      | Reached XP level 4. HP: 8/37 MP: 4/4
  1895 | D:2      | Noticed Natasha
  1906 | D:2      | Killed Natasha
  2335 | D:2      | Noticed Natasha
  2346 | D:2      | Killed Natasha
  2347 | D:2      | Reached XP level 5. HP: 15/43 MP: 5/5
  3212 | D:3      | Noticed Robin
  3238 | D:3      | HP: 1/43 [goblin/+0 dagger[Robin] (4)]
  3240 | D:3      | Slain by a goblin

Illustrated notes

Levels and vault maps discovered:
D:1:      amcnicky_arrival_abandoned_market, layout_loops_ring,
          hellmonk_ecumenical_altar_arch_garden, minmay_bisected
D:2:      layout_basic, serial_curves, eino_curves_03, eino_curves_03,
          uniq_natasha
D:3:      layout_basic, uniq_crazy_yiuf_cottage, uniq_robin, uniq_grinder

Skill      XL: |  1  2  3  4  5 |
---------------+----------------+-----
Armour         | 3 |  3.4
Long Blades    | 3 |  3.9
Shields        | 3 |  3.0
Fighting       | |  3.5
Dodging        | |  0.3

Action                   |  1- 3 |  4- 6 || total
-------------------------+-------+-------++-------
Melee: Long sword        |   106 |    88 ||   194
       Tailslap          |    15 |     8 ||    23
 Abil: Rolling Charge    |     5 |     5 ||    10
  Use: Scroll            |     3 |     1 ||     4
       Potion            |     1 |     5 ||     6
Armor: Scale mail        |    53 |    69 ||   122
Dodge: Dodged            |    36 |    20 ||    56
Block: Kite shield       |    52 |    64 ||   116
       Rpst.: Long sword |    16 |     8 ||    24

Table legend: (Time is in decaauts)
 A = Elapsed time spent in this place.
 B = Non-inter-level travel time spent in this place.
 C = Inter-level travel time spent in this place.
 D = Time resting spent in this place.
 E = Time spent auto-exploring this place.
 F = Levels seen in this place.
 G = Mean time per level.
                   A        B        C        D        E       F      G
               +--------+--------+--------+--------+--------+-----+--------+
         Total |   3328 |   3287 |     41 |    992 |   1854 |   3 | 1109.3 |
       Dungeon |   3328 |   3287 |     41 |    992 |   1854 |   3 | 1109.3 |
               +--------+--------+--------+--------+--------+-----+--------+

Top non-repeatable levels by time:
     D:2: 1844 daAuts
     D:1: 1162 daAuts
     D:3: 321 daAuts
